 Dungeon Crawl Stone Soup version 0.15-a0-717-ga3c592f (webtiles) character file.

231 4tharraofdagon the Chiller (level 5, 0/38 HPs)
             Began as a Draconian Ice Elementalist on May 10, 2014.
             Killed from afar by an orc wizard (6 damage)
             ... with a puff of flame
             ... on Level 4 of the Dungeon.
             The game lasted 00:05:11 (745 turns).

4tharraofdagon the Chiller (DrIE)                    Turns: 745, Time: 00:05:11

HP   0/38        AC  6     Str 11      XL: 5   Next: 73%
MP   7/11        EV 12     Int 16      God:
Gold 84          SH  0     Dex 11      Spells:  3 memorised,  3 levels left

rFire  . . .     SeeInvis .     q - +1 hand axe (freeze)
rCold  . . .     Clarity  .     (armour unavailable)
rNeg   + . .     Conserve .     (no shield)
rPois  .         rCorr    .     (helmet restricted)
rElec  .         rRot     .     (no cloak)
SustAb . .       Spirit   .     n - +0 pair of gloves
rMut   .         Warding  +     (no boots)
Gourm  .         Stasis   .     r - amulet of warding
MR     .....                    (no ring)
                                (no ring)

@: not resistant to hostile enchantments, unstealthy
A: unfitting armour, AC +5
a: no special abilities


You were on level 4 of the Dungeon.
You were not hungry.

You visited 1 branch of the dungeon, and saw 5 of its levels.

You collected 84 gold pieces.

Inventory:

Hand weapons
 m - a +0,+0 mace
 q - a +1,+1 hand axe of freezing (weapon)
Missiles
 e - 2 javelins (quivered)
 h - 22 stones
Armour
 n - a +0 pair of gloves (worn)
Magical devices
 o - a wand of lightning (0)
Comestibles
 c - 5 bread rations
 f - 2 meat rations
 k - a pear
Scrolls
 a - a scroll of recharging {unknown}
 d - 2 scrolls of fear {unknown}
 g - 4 scrolls of identify {unknown}
 i - a scroll of remove curse {unknown}
 j - 3 scrolls of teleportation {unknown}
 l - a scroll of amnesia {unknown}
Jewellery
 r - an amulet of warding (around neck)
Potions
 p - a potion of curing {unknown}
Books
 b - a book of Frost

   Spells                             Type                      Level
   *Freeze                            Ice                          1
   *Throw Frost                       Conjuration/Ice              2
   Ozocubu's Armour                   Charms/Ice                   3
   *Throw Icicle                      Conjuration/Ice              4
   Summon Ice Beast                   Ice/Summoning                4
   Condensation Shield                Ice                          4


   Skills:
 - Level 1.7 Dodging
 - Level 1.7 Stealth
 + Level 3.3 Spellcasting
 * Level 2.7 Conjurations
 - Level 5.0 Ice Magic


You had 3 spell levels left.
You knew the following spells:

 Your Spells              Type           Power        Failure   Level  Hunger
a - Freeze                Ice            ###.         2%          1    None
b - Throw Icicle          Conj/Ice       ###.....     38%         4    ####...
c - Throw Frost           Conj/Ice       ###...       8%          2    ##.....


Dungeon Overview and Level Annotations

Branches:
Dungeon (5/15)
 Temple: D:4-7

Altars:


Message History

Aim: an orc wizard, wielding a dagger and wearing a robe You throw a javelin.
The javelin hits the orc wizard.
The orc wizard is lightly wounded.
Throwing (i - inventory. (,) - cycle):
e - 3 javelins (quivered)
Press: ? - help, Shift-Dir - straight line, f/p - orc wizard
Aim: an orc wizard, wielding a dagger and wearing a robe (lightly wounded)
You throw a javelin.
The javelin closely misses the orc wizard.
Drink which item? (? for menu, Esc to quit)
Okay, then.
Casting: Freeze
Confirm with . or Enter, or press ? or * to list all spells.
Aiming: Freeze
Press: ? - help, Shift-Dir - straight line, f/p - orc wizard
Aim: an orc wizard, wielding a dagger and wearing a robe (lightly wounded)
You freeze the orc wizard.
The orc wizard is heavily wounded.
The orc wizard points at you and mumbles some strange words.
The puff of flame hits you!
You die...

#...............###..............
..............................###
................##..#.........#
....................#.........###
.................................
.###............................#
........###................###..#
.##............####........###..#
.. ..... #.....@o.(....(........
... ### #.....####...(.........
.... #.....##.............. ..##.
#..............####... ..#
.....#.##.......... .. . .......
#.......... ...... .......... .
... ...$.#... .... . #..


You could see an orc wizard.

Vanquished Creatures
  Sigmund (D:3)
  An orc priest (D:3)
  An orc wizard (D:4)
  A worker ant (D:4)
  2 adders
  2 giant mites
  An inept item mimic (D:4)
  A giant gecko (D:4)
  7 orcs
  A bat skeleton (D:4)
  2 giant cockroaches
  2 hobgoblins
  3 bats
  A goblin (D:4)
  6 jackals (D:4)
  A kobold (D:1)
  6 rats
39 creatures vanquished.

Notes
Turn   | Place    | Note
--------------------------------------------------------------
     0 | D:1      | 4tharraofdagon, the Draconian Ice Elementalist, began the quest for the Orb.
     0 | D:1      | Reached XP level 1. HP: 14/14 MP: 3/3
     6 | D:1      | Noticed a wyvern
     6 | D:1      | Noticed a komodo dragon
     6 | D:1      | Noticed a hound
     6 | D:1      | Noticed a lindwurm
   308 | D:3      | Reached XP level 2. HP: 12/20 MP: 0/4
   421 | D:3      | Noticed Sigmund
   455 | D:3      | Killed Sigmund
   455 | D:3      | Reached skill level 4 in Ice Magic
   455 | D:3      | Reached XP level 3. HP: 6/26 MP: 6/6
   455 | D:3      | Reached XP level 4. HP: 7/33 MP: 8/8
   485 | D:3      | Learned a level 4 spell: Throw Icicle
   488 | D:3      | Learned a level 2 spell: Throw Frost
   493 | D:3      | Noticed an orc priest
   496 | D:3      | Killed an orc priest
   513 | D:4      | Reached XP level 5. HP: 14/38 MP: 11/11
   554 | D:4      | Reached skill level 5 in Ice Magic
   627 | D:5      | Entered Level 5 of the Dungeon
   745 | D:4      | Killed from afar by an orc wizard

Action                   |  1- 3 |  4- 6 || total
-------------------------+-------+-------++-------
Melee: Unarmed           |    10 |       ||    10
       Mace              |     7 |     2 ||     9
       Hand axe          |       |    11 ||    11
Throw: Javelin           |     2 |     9 ||    11
 Cast: Freeze            |    13 |    28 ||    41
Evoke: Wand              |     1 |     5 ||     6
  Use: Potion            |     4 |       ||     4

Vault maps used:
D:1:      onia_arrival_zoo_common
D:3:      first_bread, uniq_sigmund
D:4:      lemuel_upstairs_altar
D:5:      serial_shops, nicolae_shop_trees
